 Dungeon Crawl Stone Soup version 0.21.1-1-g345015f (webtiles) character file.

329 Mirai the Magician (level 6, -2/32 HPs)
             Began as a Deep Elf Conjurer on Mar 30, 2018.
             Slain by an orc
             ... wielding a +0 flail
              (4 damage)
             ... on level 4 of the Dungeon.
             The game lasted 00:10:56 (3256 turns).

Mirai the Magician (Deep Elf Conjurer)              Turns: 3256, Time: 00:10:57

Health: -2/32      AC:  3    Str:  5    XL:     6   Next: 25%
Magic:  2/18       EV: 12    Int: 22    God:
Gold:   233        SH:  3    Dex: 15    Spells: 8/19 levels left

rFire    . . .     SeeInvis .   y - +4 Vampire's Tooth {vamp}
rCold    + . .     Gourm    .   s - +0 buckler
rNeg     + . .     Faith    .   a - +0 robe
rPois    .         Spirit   .   t - +0 helmet
rElec    .         Reflect  .   (no cloak)
rCorr    .         Harm     .   (no gloves)
MR       .....                  (no boots)
Stlth    ++........             (no amulet)
HPRegen  0.10/turn              h - ring of positive energy
MPRegen  0.16/turn              n - ring of protection from cold

@: no status effects
A: no striking features
a: no special abilities


You were on level 4 of the Dungeon.
You were not hungry.

You visited 1 branch of the dungeon, and saw 4 of its levels.

You collected 233 gold pieces.

Inventory:

Hand Weapons
 v - a +0 short sword of speed
 w - a +0 dagger of holy wrath
 y - the +4 Vampire's Tooth (weapon) {vamp}
   (You found it on level 4 of the Dungeon)

   It inflicts no extra harm, but heals its wielder when it wounds a living foe.
Armour
 a - a +0 robe (worn)
 s - a +0 buckler (worn)
 t - a +0 helmet (worn)
 x - a +1 scale mail of poison resistance
Jewellery
 h - a ring of positive energy (left hand)
 n - a ring of protection from cold (right hand)
Wands
 u - a wand of random effects (23)
Scrolls
 i - a scroll of immolation {unknown}
 j - 5 scrolls of identify {unknown}
 l - 2 scrolls of blinking {unknown}
 m - a scroll of enchant armour {unknown}
 r - a scroll of amnesia {unknown}
Potions
 d - a potion of flight
 g - a potion of brilliance {unknown}
 k - a potion of resistance {unknown}
 o - 2 potions of curing {unknown}
 p - a potion of heal wounds {unknown}
 q - 2 potions of might {unknown}
Books
 b - a book of Conjurations

   Spells                             Type                      Level
   a - Magic Dart                     Conjuration                  1
   b - Searing Ray                    Conjuration                  2
   c - Dazzling Spray                 Conjuration/Hexes            3
   d - Fulminant Prism                Conjuration/Hexes            4
   e - Force Lance                    Conjuration/Translocation    4
   f - Iskenderun's Mystic Blast      Conjuration                  4
Comestibles
 c - 7 rations
 f - 7 chunks of flesh


   Skills:
 - Level 2.4 Dodging
 - Level 2.4 Stealth
 + Level 7.4 Spellcasting
 + Level 5.2 Conjurations
 + Level 3.1 Hexes


You had 8 spell levels left.
You knew the following spells:

 Your Spells              Type           Power        Failure   Level  Hunger
a - Magic Dart            Conj           ####         1%          1    None
b - Searing Ray           Conj           ####..       2%          2    None
c - Iskenderun's Mystic   Conj           ####....     16%         4    ###....
d - Fulminant Prism       Conj/Hex       ####......   22%         4    ###....


Dungeon Overview and Level Annotations

Branches:
Dungeon (4/15)
 Temple: D:4-7

Altars:
Okawaru
Ru


Message History

The orc priest calls upon Beogh to heal the orc.
The orc is healed somewhat.
You hit the orc but do no damage.
The orc is lightly wounded.
The orc barely misses you.
You hit the orc but do no damage.
The orc is lightly wounded.
The orc priest calls down the wrath of Beogh upon you.
Beogh smites you!
* * * LOW HITPOINT WARNING * * *
The orc barely misses you.
Unknown command.
It was a potion of flight.
You feel very buoyant.
You fly up into the air.
You block the orc's attack.
It was a potion of cancellation.
Your magical effects are unravelling.
You feel magically purged.
You float gracefully downwards.
The orc hits you with a flail.
You die...

#.###.....#(⌠.#..#
#......#.##...##.#
#####.##..#...#..#
#.##.#######.# ###
#.##.........###
#.###.##...##....o.#
...[.......###.###%#
#.##...##.####o###%###
#.#.....# #..o@....#
..##...##.......##.#.#
#####.#######...##.#.#
#.# #......# # #.#
#.#..)## +# #.###[ #.
... #. .#


You could see an orc priest and an orc.

Vanquished Creatures
  2 vampire bats (D:4)
  An orc priest (D:4)
  A bullfrog skeleton (D:4)
  An orc wizard (D:3)
  An iguana (D:4)
  A gnoll (D:1)
  4 adders (D:2)
  3 worms
  A leopard gecko (D:1)
  7 orcs
  3 ball pythons
  3 giant cockroaches
  8 hobgoblins
  6 jackals
  10 kobolds
  4 quokkas
  12 bats
  3 frilled lizards
  6 goblins
  5 rats
82 creatures vanquished.

Vanquished Creatures (others)
  A fulminant prism (D:4)
1 creature vanquished.

Grand Total: 83 creatures vanquished

Notes
Turn   | Place    | Note
-------+----------+-------------------------------------------
     0 | D:1      | Mirai the Deep Elf Conjurer began the quest for the Orb.
     0 | D:1      | Reached XP level 1. HP: 10/10 MP: 6/6
   131 | D:1      | Reached skill level 4 in Spellcasting
   131 | D:1      | Reached XP level 2. HP: 15/15 MP: 0/9
   289 | D:1      | Learned a level 2 spell: Searing Ray
   519 | D:1      | Reached XP level 3. HP: 19/19 MP: 6/11
   533 | D:1      | Reached skill level 5 in Spellcasting
  1318 | D:2      | Found an iron altar of Okawaru.
  1514 | D:2      | Reached skill level 6 in Spellcasting
  1514 | D:2      | Reached XP level 4. HP: 24/24 MP: 10/14
  1723 | D:3      | Learned a level 4 spell: Iskenderun's Mystic Blast
  1728 | D:3      | Learned a level 4 spell: Fulminant Prism
  2087 | D:3      | Reached skill level 1 in Hexes
  2087 | D:3      | Reached XP level 5. HP: 19/28 MP: 4/16
  2273 | D:3      | Found a sacrificial altar of Ru.
  2771 | D:4      | Reached skill level 7 in Spellcasting
  3147 | D:4      | Reached skill level 5 in Conjurations
  3159 | D:4      | Reached XP level 6. HP: 31/32 MP: 11/18
  3161 | D:4      | Found the +4 Vampire's Tooth {vamp}
  3252 | D:4      | HP: 1/32 [orc priest/divine providence (12)]
  3256 | D:4      | Slain by an orc

Skill      XL: |  1  2  3  4  5  6 |
---------------+-------------------+-----
Spellcasting   | 4 6 7 |  7.4
Hexes          | 1 2 3 |  3.1
Conjurations   | 5 |  5.2
Dodging        | |  2.4
Stealth        | |  2.4

Action                   |  1- 3 |  4- 6 || total
-------------------------+-------+-------++-------
Melee: Hand axe          |    16 |    10 ||    26
       Short sword       |       |     1 ||     1
       Dagger            |       |    10 ||    10
 Cast: Magic Dart        |    74 |    40 ||   114
       Searing Ray       |     4 |    22 ||    26
       Iskenderun's Myst |       |     1 ||     1
       Fulminant Prism   |       |     1 ||     1
  Use: Scroll            |       |     1 ||     1
       Potion            |       |     2 ||     2
  Eat: Chunk             |     2 |     2 ||     4
       Ration            |       |     3 ||     3
Armor: Robe              |     3 |     5 ||     8
       Ring mail         |    26 |     9 ||    35
Dodge: Dodged            |    21 |    29 ||    50
Block: Buckler           |       |     8 ||     8
